 Dungeon Crawl Stone Soup version 0.25-a0-578-gc91f01c39c (webtiles) character file.

Game seed: 2205287144333001614, levelgen mode: deterministic

27228 Amnekian the Grappler (level 13, 0/124 HPs)
             Began as a Troll Hunter on Mar 4, 2020.
             Was an Elder of Wu Jian.
             Splashed by an acid blob's acid (11 damage)
             ... on level 5 of the Lair of Beasts on Mar 5, 2020.
             The game lasted 01:06:36 (14946 turns).

Amnekian the Grappler (Troll Hunter)               Turns: 14946, Time: 01:06:37

Health: 0/124      AC:  1    Str: 23    XL:     13   Next: 3%
Magic:  16/16      EV: 16    Int: 10    God:    Wu Jian [****..]
Gold:   992        SH:  0    Dex: 11    Spells: 11/12 levels left

rFire    . . .     SeeInvis .     - Unarmed
rCold    + . .     Gourm    +   (no shield)
rNeg     . . .     Faith    .   E - +1 robe
rPois    .         Spirit   .   (helmet restricted)
rElec    .         Reflect  .   A - +1 cloak
rCorr    .         Harm     .   (gloves unavailable)
MR       .....                  (boots unavailable)
Stlth    +.........             (no amulet)
HPRegen  0.70/turn              B - +3 ring of evasion
MPRegen  0.15/turn              z - ring of protection from cold

@: corroded
A: large, unfitting armour, claws 3, fast metabolism 3, gourmand, regeneration
1, shaggy fur 1, tough skin 3
a: Wall Jump, Serpent's Lash, Renounce Religion


You were on level 5 of the Lair of Beasts.
You worshipped Wu Jian.
Wu Jian was greatly pleased with you.
You were very full.

You visited 3 branches of the dungeon, and saw 17 of its levels.
You also visited: Ossuary.

You collected 1083 gold pieces.
You spent 91 gold pieces at shops.

Inventory:

Missiles
 c - 4 large rocks (quivered)
 d - 3 throwing nets
 j - 348 stones
 u - 12 poisoned darts
 J - 9 atropa-tipped darts
 K - 7 javelins
Armour
 b - a +0 robe
 A - a +1 cloak (worn)
 E - a +1 robe (worn)
Magical Staves
 M - an uncursed staff of fire
Jewellery
 g - an uncursed ring of fire
 z - a ring of protection from cold (right claw)
 B - a +3 ring of evasion (left claw)
 H - an uncursed amulet of harm {unknown}
 N - an uncursed amulet of the acrobat {unknown}
 T - a +4 ring of intelligence {unknown}
 U - an uncursed ring of protection from magic {unknown}
Wands
 y - a wand of digging (6)
 G - a wand of random effects (45)
 L - a wand of polymorph (7)
 O - a wand of enslavement (9)
 P - a wand of acid (13)
 R - a wand of scattershot (4)
Scrolls
 e - 2 scrolls of fog
 i - 3 scrolls of blinking
 k - 3 scrolls of teleportation
 l - 6 scrolls of remove curse
 m - 7 scrolls of identify
 t - 3 scrolls of amnesia
 F - 2 scrolls of enchant armour
 Q - 2 scrolls of fear
 S - a scroll of vulnerability {unknown}
 V - a scroll of torment {unknown}
 W - a scroll of brand weapon {unknown}
Potions
 a - 3 potions of degeneration
 h - 6 potions of brilliance
 n - 3 potions of might
 o - 10 potions of curing
 p - a potion of cancellation
 q - 3 potions of mutation
 r - 2 potions of haste
 s - 4 potions of flight
 v - a potion of magic
 w - 3 potions of lignification {unknown}
 x - 2 potions of stabbing
 C - 5 potions of heal wounds
 D - 2 potions of invisibility
Miscellaneous
 I - a lamp of fire
Comestibles
 f - 24 rations


   Skills:
 - Level 7.5 Fighting
 - Level 6.3 Throwing
 - Level 4.7 Armour
 * Level 8.3 Dodging
 - Level 0.3 Stealth
 - Level 13.6 Unarmed Combat
 - Level 6.2 Evocations


You had 11 spell levels left.
You knew the following spells:

 Your Spells              Type           Power        Failure   Level  Hunger
a - Summon Butterflies    Summ           #.......     36%         1    ##.....

Your spell library contained the following spells:

 Spells                   Type           Power        Failure   Level  Hunger
 Animate Skeleton         Necr           N/A          36%         1    ##.....
 Beastly Appendage        Tmut           #.....       36%         1    ##.....
 Pain                     Necr           #...         36%         1    ##.....
 Sticks to Snakes         Tmut           #.......     50%         2    ###....
 Call Canine Familiar     Summ           #.......     75%         3    ####...
 Confusing Touch          Hex            #.......     75%         3    ####...
 Gell's Gravitas          Tloc           #.........   75%         3    ####...
 Spider Form              Tmut/Pois      #.........   75%         3    ####...
 Vampiric Draining        Necr           #.........   75%         3    ####...
 Animate Dead             Necr           N/A          98%         4    #####..
 Ice Form                 Ice/Tmut       #.......     98%         4    #####..
 Petrify                  Tmut/Erth      #.......     98%         4    #####..
 Summon Ice Beast         Ice/Summ       #.......     98%         4    #####..
 Agony                    Necr           #.......     100%        5    ######.
 Blade Hands              Tmut           #.........   100%        5    ######.
 Metabolic Englaciation   Hex/Ice        #.........   100%        5    ######.
 Summon Mana Viper        Hex/Summ       #.......     100%        5    ######.
 Yara's Violent Unravell  Hex/Tmut       #.........   100%        5    ######.
 Summon Hydra             Summ           #.........   100%        7    #######


Dungeon Overview and Level Annotations

Branches:
Dungeon (11/15)            Temple (1/1) D:6            Lair (5/6) D:8
  Swamp (0/4) Lair:3       Spider (0/4) Lair:3        Slime (0/5) Lair:5
Ossuary (visited)
    Orc: D:9-12

Altars:
Ashenzari
Cheibriados
Dithmenos
Elyvilon
Fedhas
Gozag
Hepliaklqana
Kikubaaqudgha
Makhleb
Nemelex Xobeh
Okawaru
Qazlal
Ru
Sif Muna
Trog
Uskayaw
Vehumet
Wu Jian
Xom
Yredelemnul
Zin
The Shining One
Jiyva

Shops:
D:5 *   D:6 !   D:9 :

Annotations:
D:5 Pikel
D:10 Sonja
D:11 Josephine


Innate Abilities, Weirdness & Mutations

You are too large for most types of armour.
You have claws for hands.
Your metabolism is lightning-fast.
You like to eat raw meat.
Your natural rate of healing is unusually fast.
You are covered in fur. (AC +1)
You have extremely tough skin. (AC +3)


Message History

The slime creature is severely wounded.
You mangle the acid blob!!
Your claws burn!
* * * LOW HITPOINT WARNING * * *
You claw the acid blob.
The acid blob is moderately wounded.
Unknown command.
The acid blob jiggles.
The acid blob spits acid at you. The splash of acid hits you!
* * * LOW HITPOINT WARNING * * *
The acid corrodes you!
You are splashed with acid!
* * * LOW HITPOINT WARNING * * *
You lunge at the acid blob.
You eviscerate the acid blob!!!
Your claws burn!
* * * LOW HITPOINT WARNING * * *
The acid blob is severely wounded.
The acid blob spits acid at you. The splash of acid hits you.
* * * LOW HITPOINT WARNING * * *
The acid corrodes you!
You are splashed with acid!
You die...

P###.# ##.........#####....## ##
## #.#..#...##### #.....###. #
##........#..###.#.P.P##. #
#..#####....P##..........
#..#.>.#.....#...........
##.#...#.................
##..#._.#.................
#...##'##....#............
#.......J@....#...........
#.P.....J.....##.......... #
##...........####.+P.P.... ##
#######...#.# ##....#(## .# ###
#..P#### #.#.....## .###.## #####
##..#.#... ##..#.## #####)...
.......## ### ### ####P#..P#
..##..#.#######.###.####.........


You could see an acid blob and a slime creature.

Vanquished Creatures
  An acid blob (Lair:5)
  A catoblepas (Lair:4)
  A hydra (Lair:4)
  A centaur warrior (D:10)
  A two-headed ogre (D:8)
  3 death yaks (D:8)
  4 elephants (Lair:5)
  3 black mambas
  7 spiny frogs
  3 komodo dragons
  A queen bee (Lair:3)
  A hornet (Lair:3)
  A bog body (Lair:3)
  8 blink frogs
  5 hippogriffs
  A wyvern (Lair:4)
  23 yaks
  Sigmund (D:2)
  5 basilisks
  A hungry ghost (D:10)
  Duvessa (D:4)
  11 water moccasins
  4 porcupines
  2 ice beasts
  4 sky beasts
  3 orc warriors
  3 black bears
  An eye of draining (D:9)
  2 phantoms
  7 ogres
  6 wolves (Lair:5)
  5 centaurs
  9 crocodiles
  A big kobold (D:9)
  9 bullfrogs
  A gnoll sergeant (D:6)
  17 scorpions
  Dowan (D:4)
  3 wights (D:7)
  An electric eel (Lair:3)
  2 howler monkeys
  7 centaur zombies
  A bullfrog zombie (D:9)
  5 crimson imps
  4 hounds
  2 bullfrog skeletons
  3 orc priests
  2 jellies
  6 orc wizards
  Crazy Yiuf (D:5)
  3 iguanas
  12 worker ants
  A killer bee zombie (D:8)
  4 big kobold zombies (Ossuary)
  2 hound zombies (D:5)
  3 mummies (Ossuary)
  A howler monkey zombie (D:5)
  2 worker ant zombies
  4 gnolls (D:6)
  7 adders
  4 scorpion zombies (Ossuary)
  4 shadow imps
  An ooze (D:5)
  An adder zombie (D:5)
  2 adder skeletons
  5 worms
  9 leopard geckos
  33 orcs
  A bat zombie (D:5)
  5 giant cockroaches
  8 goblins
  8 hobgoblins
  9 jackals
  13 kobolds
  5 quokkas
  A ball python (D:5)
  6 bats
  2 goblin zombies (Ossuary)
  A kobold zombie (Ossuary)
  A leopard gecko skeleton (D:7)
  An orc zombie (Ossuary)
  A quokka skeleton (D:6)
  10 rats
  A rat zombie (D:5)
367 creatures vanquished.

Vanquished Creatures (others)
  A fungus (Lair:1)
  2 plants (Lair:1)
3 creatures vanquished.

Grand Total: 370 creatures vanquished

Notes
Turn   | Place    | Note
-------+----------+-------------------------------------------
     0 | D:1      | Amnekian the Troll Hunter began the quest for the Orb.
     0 | D:1      | Reached XP level 1. HP: 19/19 MP: 0/0
    33 | D:1      | Reached skill level 1 in Unarmed Combat
   146 | D:1      | Reached XP level 2. HP: 27/27 MP: 1/1
   213 | D:1      | Reached skill level 2 in Unarmed Combat
   599 | D:1      | You fall into a shaft and drop 1 floor!
  1182 | D:2      | Found a sparkling altar of Nemelex Xobeh.
  1193 | D:2      | Reached XP level 3. HP: 33/33 MP: 2/2
  1371 | D:2      | Noticed Sigmund
  1840 | D:3      | Reached skill level 3 in Unarmed Combat
  1840 | D:3      | Reached XP level 4. HP: 37/41 MP: 3/3
  1951 | D:3      | Found an opulent altar of Gozag.
  2013 | D:3      | Reached skill level 4 in Unarmed Combat
  2166 | D:3      | Reached XP level 5. HP: 48/48 MP: 4/4
  2194 | D:3      | Reached skill level 5 in Unarmed Combat
  2406 | D:4      | Found a hazy altar of Hepliaklqana.
  2406 | D:4      | Found a radiant altar of Vehumet.
  2523 | D:4      | Reached XP level 6. HP: 55/55 MP: 5/5
  2597 | D:4      | Noticed Dowan
  2597 | D:4      | Noticed Duvessa
  2699 | D:4      | Killed Dowan
  2699 | D:4      | Reached skill level 6 in Unarmed Combat
  2711 | D:5      | Entered Level 5 of the Dungeon
  2897 | D:5      | Noticed a slave
  2897 | D:5      | Noticed a slave
  2897 | D:5      | Noticed a slave
  3049 | D:5      | Reached skill level 7 in Unarmed Combat
  3110 | D:5      | Noticed Pikel
  3110 | D:5      | Noticed a slave
  3178 | D:5      | Noticed an ice beast
  3347 | D:5      | Reached XP level 7. HP: 56/62 MP: 6/6
  3429 | D:6      | Reached skill level 8 in Unarmed Combat
  3463 | D:6      | Found a staircase to the Ecumenical Temple.
  3519 | D:6      | Found a shimmering altar of Xom.
  3658 | D:6      | Found a sand-covered staircase.
  3663 | Ossuary  | Entered an ossuary
  3766 | Ossuary  | Reached XP level 8. HP: 71/78 MP: 7/7
  3900 | Ossuary  | Reached skill level 5 in Fighting
  4230 | Temple   | Entered the Ecumenical Temple
  4309 | Temple   | Became a worshipper of the Wu Jian Council
  4606 | D:6      | Reached XP level 9. HP: 93/93 MP: 8/8
  4610 | D:6      | Found Putuorr's Distillery.
  4613 | D:6      | Bought a potion of might for 52 gold pieces
  4613 | D:6      | Bought a potion of curing for 39 gold pieces
  4827 | D:5      | Found an ancient bone altar of Kikubaaqudgha.
  4943 | D:5      | Found a runed translucent door.
  4944 | D:5      | Noticed Crazy Yiuf
  4949 | D:5      | Killed Crazy Yiuf
  5028 | D:4      | Killed Duvessa
  5037 | D:4      | Found a shimmering blue altar of Sif Muna.
  5041 | D:4      | Found a basalt altar of Yredelemnul.
  5041 | D:4      | Found a white marble altar of Elyvilon.
  5054 | D:4      | Found a sacrificial altar of Ru.
  5058 | D:4      | Found a blossoming altar of Fedhas.
  5512 | D:2      | Killed Sigmund
  5600 | D:5      | Found Zateis's Assorted Antiques.
  5956 | D:7      | Reached * piety under Wu Jian
  5956 | D:7      | Reached skill level 5 in Dodging
  6830 | D:8      | Reached ** piety under Wu Jian
  6980 | D:8      | Noticed a two-headed ogre
  7016 | D:8      | Noticed a death yak
  7121 | D:8      | Reached XP level 10. HP: 84/102 MP: 9/9
  7177 | D:8      | You fall into a shaft and drop 1 floor!
  7219 | D:8      | Noticed a death yak
  7248 | D:8      | Killed a death yak
  7248 | D:8      | Reached skill level 9 in Unarmed Combat
  7350 | D:8      | Found a staircase to the Lair.
  7353 | D:8      | Noticed a death yak
  7354 | D:8      | Identified the cursed +0 falchion of Starshine {elec, Str-2
                  | Dex+9 Stlth+}
  7379 | D:8      | Killed a death yak
  7379 | D:8      | Reached skill level 10 in Unarmed Combat
  7505 | D:8      | Killed a death yak
  7505 | D:8      | Reached skill level 11 in Unarmed Combat
  7975 | D:8      | Killed a two-headed ogre
  8157 | D:9      | Reached XP level 11. HP: 86/109 MP: 10/12
  8185 | D:9      | Reached *** piety under Wu Jian
  8238 | D:9      | Found a shadowy altar of Dithmenos.
  8337 | D:9      | Found Butuhuf's Book Emporium.
  8645 | D:9      | You fall into a shaft and drop 2 floors!
  8646 | D:11     | Noticed Josephine
  8659 | D:10     | Entered Level 10 of the Dungeon
  8943 | D:10     | Noticed a centaur warrior
  8961 | D:10     | Killed a centaur warrior
  9066 | D:10     | Reached skill level 5 in Evocations
  9173 | D:10     | Noticed Sonja
  9482 | D:11     | Noticed a five-headed hydra
  9524 | Lair:1   | Entered Level 1 of the Lair of Beasts
  9880 | Lair:1   | Reached skill level 1 in Armour
  9947 | Lair:1   | Reached **** piety under Wu Jian
 11072 | Lair:2   | Reached skill level 5 in Throwing
 11072 | Lair:2   | Reached XP level 12. HP: 96/118 MP: 15/15
 11383 | Lair:2   | Learned a level 1 spell: Summon Butterflies
 12319 | Lair:3   | Reached skill level 12 in Unarmed Combat
 12334 | Lair:3   | Reached ***** piety under Wu Jian
 12366 | Lair:3   | Found a hole to the Spider Nest.
 12367 | Lair:3   | Found a staircase to the Swamp.
 13235 | Lair:4   | Noticed a five-headed hydra
 13248 | Lair:4   | Killed a five-headed hydra
 13316 | Lair:4   | Noticed a catoblepas
 14195 | Lair:5   | Reached skill level 13 in Unarmed Combat
 14216 | Lair:5   | HP: 3/118 [elephant (11)]
 14245 | Lair:4   | Killed a catoblepas
 14927 | Lair:5   | Found a runed translucent door.
 14928 | Lair:5   | Found a viscous altar of Jiyva.
 14929 | Lair:5   | Found a staircase to the Slime Pits.
 14929 | Lair:5   | Noticed an acid blob
 14929 | Lair:5   | Noticed an acid blob
 14938 | Lair:5   | Killed an acid blob
 14938 | Lair:5   | Reached XP level 13. HP: 35/124 MP: 16/16
 14946 | Lair:5   | Splashed by an acid blob's acid

Levels and vault maps discovered:
D:1:      shiori_arrival_elements, layout_basic
D:2:      layout_basic, nemelex_xobeh_ov_fountains_minmay, uniq_sigmund
D:3:      layout_rooms, lemuel_coloured_pillars_altar
D:4:      layout_rooms, minmay_overflow_temple_star_hex,
          gammafunk_temple_overflow_wave, uniq_duvessa
D:5:      layout_loops_corners, lemuel_zombie_altar_kikubaaqudgha, first_ration,
          serial_shops, nicolae_shop_waterfront, uniq_pikel,
          uniq_crazy_yiuf_cottage
D:6:      layout_cave_pools, kennysheep_mini_moat, minmay_temple_entry_glass,
          serial_shops, nicolae_shop_behind_doors, enter_ossuary_2
D:7:      layout_gridville
D:8:      layout_loops_cross, dpeg_lair_monsters
D:9:      layout_loops_ring, grunt_dithmenos_smoke_and_mirrors, serial_shops,
          nicolae_shop_stone
D:10:     layout_rooms, david_orc_5, uniq_nergalle, uniq_sonja
D:11:     layout_cross, uniq_josephine
Temple:   cyrus_temple_forest
Lair:1:   layout_regular_city, grunt_megastairs_2, infiniplex_staircase_pool_2
Lair:2:   layout_chaotic_city
Lair:3:   layout_cave_shapes, skrybe_swamp_entry_bodies,
          nicolae_spider_entry_non_spiders, infiniplex_staircase_pool
Lair:4:   layout_gridlike, grunt_megastairs_3
Lair:5:   layout_roguey, slime_altar_2

Skill      XL: |  1  2  3  4  5  6  7  8  9 10 11 12 |
---------------+-------------------------------------+-----
Unarmed Combat | 1 2 3 4 5 7 8 11 13 | 13.6
Fighting       | 3 7 |  7.5
Dodging        | 7 8 |  8.3
Evocations     | 2 6 |  6.2
Armour         | 4 |  4.7
Throwing       | 5 6 |  6.3
Stealth        | |  0.3

Action                   |  1- 3 |  4- 6 |  7- 9 | 10-12 | 13-15 || total
-------------------------+-------+-------+-------+-------+-------++-------
Melee: Unarmed           |    88 |   155 |   398 |   684 |     5 ||  1330
       Short sword       |    13 |       |       |       |       ||    13
       Punch             |       |     3 |    18 |    39 |     1 ||    61
       Staff             |       |       |    49 |       |       ||    49
Throw: Large rock        |     2 |       |       |    25 |       ||    27
 Cast: Summon Butterflie |       |       |       |     1 |       ||     1
Invok: Lunge             |       |       |    27 |    42 |     1 ||    70
       Whirlwind         |       |       |    15 |    77 |       ||    92
       Serpent's Lash    |       |       |       |     2 |       ||     2
       Heavenly Storm    |       |       |       |     1 |       ||     1
 Abil: Wall Jump         |       |       |       |     1 |       ||     1
Evoke: Wand              |       |       |       |     4 |       ||     4
  Use: Scroll            |       |       |    10 |    11 |       ||    21
       Potion            |       |       |       |     2 |       ||     2
 Stab: Sleeping          |     1 |       |     1 |     2 |       ||     4
  Eat: Chunk             |    17 |    18 |    35 |    70 |       ||   140
       Ration            |       |       |       |     1 |       ||     1
Armor: Robe              |    49 |    37 |   108 |   115 |       ||   309
Dodge: Dodged            |    77 |    81 |   211 |   377 |     2 ||   748

Table legend:
 A = Non-vault XP
 B = Vault XP
 C = Vault XP percentage of total XP
 D = Non-vault monster count
 E = Vault monster count
 F = Vault count percentage of total count
                 A         B        C        D         E       F
            +---------+---------+-------+---------+---------+-------
      Total |   29663 |    9235 |  23.7 |     309 |      57 |  15.6
            +---------+---------+-------+---------+---------+-------
        D:1 |      37 |       0 |   0.0 |      25 |       0 |   0.0
        D:2 |      10 |     212 |  95.5 |       6 |       1 |  14.3
        D:3 |     244 |       0 |   0.0 |      29 |       0 |   0.0
        D:4 |     144 |     231 |  61.6 |       9 |       2 |  18.2
        D:5 |     670 |      42 |   5.9 |      31 |       3 |   8.8
        D:6 |     872 |       0 |   0.0 |      18 |       0 |   0.0
        D:7 |    1347 |       0 |   0.0 |      31 |       0 |   0.0
        D:8 |    1903 |    3667 |  65.8 |      23 |       8 |  25.8
        D:9 |    2011 |       0 |   0.0 |      35 |       0 |   0.0
       D:10 |    1751 |       0 |   0.0 |      13 |       0 |   0.0
     Lair:1 |    5601 |     568 |   9.2 |      26 |       2 |   7.1
     Lair:2 |    4606 |       0 |   0.0 |      21 |       0 |   0.0
     Lair:3 |    1724 |     865 |  33.4 |       9 |       9 |  50.0
     Lair:4 |    4481 |     218 |   4.6 |      14 |       1 |   6.7
     Lair:5 |    4262 |    2247 |  34.5 |      19 |       1 |   5.0
    Ossuary |       0 |    1185 | 100.0 |       0 |      30 | 100.0
            +---------+---------+-------+---------+---------+-------
